 Dungeon Crawl Stone Soup version 0.31-a0-981-geadf994542 (webtiles) character file.

Game seed: 16480403224428527494

22 IdlyInterested the Trooper (level 2, 0/25 HPs)
             Began as a Demonspawn Fighter on Oct 31, 2023.
             Slain by an adder (3 damage)
             ... on level 2 of the Dungeon.
             The game lasted 00:01:57 (1054 turns).

IdlyInterested the Trooper (Demonspawn Fighter)     Turns: 1054, Time: 00:01:58

Health: 0/25       AC: 14    Str: 16    XL:     2   Next: 68%
Magic:  2/2        EV:  4    Int:  9    God:
Gold:   71         SH:  4    Dex: 12    Spells: 1/1 levels left

rFire   . .          .
                       - Unarmed
rCold   . . .        b - +0 buckler
rNeg    . . .        g - +0 plate armour
rPois   .            (no helmet)
rElec   .            (no cloak)
rCorr   .            (no gloves)
SInv    .            a - +0 pair of boots
Will    .....        (no amulet) Stlth
                     (no ring)
HPRegen 0.24/turn    (no ring)
MPRegen 0.08/turn

%: no passive effects
@: no status effects
A: yellow scales 1
a: no special abilities


You were on level 2 of the Dungeon.
You visited 1 branch of the dungeon, and saw 2 of its levels.

You collected 71 gold pieces.

Inventory:

Hand Weapons
 e - a +0 mace
 f - a +0 dagger
 i - a +0 hand axe
Missiles
 d - 13 stones (quivered)
Armour
 a - a +0 pair of boots (worn)
 b - a +0 buckler (worn)
 g - a +0 plate armour (worn)
Magical Staves
 j - a staff of cold
Scrolls
 h - a scroll of identify {unknown}
 k - a scroll of blinking {unknown}
 l - a scroll of vulnerability {unknown}
 m - a scroll of enchant weapon {unknown}
 q - 2 scrolls of teleportation {unknown}
Potions
 c - 2 potions of might
 n - a potion of attraction {unknown}
 o - a potion of haste {unknown}
 p - a potion of enlightenment {unknown}


   Skills:
 * Level 3.8 Fighting
 + Level 0.0 Throwing
 - Level 3.0 Armour
 - Level 2.6 Shields
 - Level 1.7 Unarmed Combat


You had one spell level left.
You didn't know any spells.
Your spell library was empty.

Dungeon Overview and Level Annotations

Branches:
Dungeon (2/15)

Altars:


Innate Abilities, Weirdness & Mutations

You are partially covered in yellow scales. (AC +2)


Message History

The adder barely misses you.
You miss the adder.
The adder is lightly wounded.
The adder bites you but does no damage. The goblin hits you with a +0 club.
* * * LOW HITPOINT WARNING * * *
You closely miss the adder.
The adder is lightly wounded.
You block the adder's attack. You block the goblin's attack.
You miss the adder.
The adder is lightly wounded.
The adder bites you but does no damage. You block the goblin's attack.
The adder bites you but does no damage.
You hit the adder but do no damage.
The adder is lightly wounded.
The goblin hits you but does no damage. The adder bites you but does no damage.
You hit the adder.
The adder is moderately wounded.
The adder bites you.
* * * LOW HITPOINT WARNING * * *
The goblin barely misses you.
You barely miss the adder.
The adder is moderately wounded.
You block the adder's attack. The goblin hits you but does no damage.
The adder barely misses you.
You completely miss the adder.
The adder is moderately wounded.
You block the goblin's attack. The adder bites you but does no damage.
You miss the adder.
The adder is moderately wounded.
The adder bites you but does no damage. The goblin hits you but does no damage.
You closely miss the adder.
The adder is moderately wounded.
The adder bites you but does no damage. The goblin completely misses you.
An adder comes into view.
The adder bites you but does no damage.
You closely miss the adder.
The adder is moderately wounded.
The adder hisses angrily.
You block the goblin's attack. The adder bites you.
You die...

....# ....#
....#
######....##
#..........##
#...|.......###
#...<..S...... .
#.....###..#...#
#......S@g....S.
#.....#########.
#.....#
#######.....#
#...<....####
#........#
#..........#
#........###
#.........#


You could see 2 adders and a goblin.

Vanquished Creatures
  An adder (D:2)
  A dart slug (D:1)
  3 endoplasms
  A giant cockroach (D:1)
  2 goblins
  A quokka (D:1)
  A ball python (D:1)
10 creatures vanquished.

Notes
Turn   | Place    | Note
-------+----------+-------------------------------------------
     0 | D:1      | IdlyInterested the Demonspawn Fighter began the quest for
                  | the Orb.
     0 | D:1      | Reached XP level 1. HP: 18/18 MP: 1/1
   661 | D:1      | Gained mutation: You are partially covered in yellow
                  | scales. (AC +2) [demonic ancestry]
   661 | D:1      | Reached XP level 2. HP: 22/24 MP: 2/2
  1054 | D:2      | Slain by an adder

Illustrated notes

Levels and vault maps discovered:
D:1:      dpeg_arrival_castle, layout_basic, patterned_corridor
D:2:      layout_rooms, guppyfry_early_lair_pool

Skill      XL: |  1  2 |
---------------+-------+-----
Armour         | 3 |  3.0
Fighting       | |  3.8
Shields        | |  2.6
Unarmed Combat | |  1.7

Action                     || total
---------------------------++-------
  Melee: Unarmed           ||    71
 Armour: Plate armour      ||    76
  Dodge: Dodged            ||    21
  Block: Buckler           ||    20

Table legend: (Time is in decaauts)
 A = Elapsed time spent in this place.
 B = Non-inter-level travel time spent in this place.
 C = Inter-level travel time spent in this place.
 D = Time resting spent in this place.
 E = Time spent auto-exploring this place.
 F = Levels seen in this place.
 G = Mean time per level.
                   A        B        C        D        E       F      G
               +--------+--------+--------+--------+--------+-----+--------+
         Total |   1061 |    869 |    192 |      0 |    623 |   2 |  530.5 |
       Dungeon |   1061 |    869 |    192 |      0 |    623 |   2 |  530.5 |
               +--------+--------+--------+--------+--------+-----+--------+

Top non-repeatable levels by time:
     D:1: 963 daAuts
     D:2: 98 daAuts
